 Dungeon Crawl Stone Soup version 0.27-a0-1189-gb8eb6cee8e (webtiles) character file.

Game seed: 8553391198515623199

15 flotson the Covert (level 2, -2/29 HPs)
             Began as a Gnoll Delver on May 23, 2021.
             Slain by a kobold brigand
             ... wielding a +0 short sword
              (8 damage)
             ... in a sewer.
             The game lasted 00:03:46 (736 turns).

flotson the Covert (Gnoll Delver)                    Turns: 736, Time: 00:03:47

Health: -2/29      AC:  3    Str: 11    XL:     2   Next: 50%
Magic:  2/2        EV: 13    Int:  9    God:
Gold:   0          SH:  0    Dex: 13    Spells: 1/1 levels left

rFire    . . .     SeeInvis .   a - +0 spear
rCold    . . .     Faith    .   (no shield)
rNeg     . . .     Spirit   .   b - +0 leather armour
rPois    .         Reflect  .   (no helmet)
rElec    .         Harm     .   (no cloak)
rCorr    +         Rampage  .   (no gloves)
Will     .....                  (no boots)
Stlth    ++++......             (no amulet)
HPRegen  0.09/turn              h - ring of resist corrosion
MPRegen  0.08/turn              (no ring)

@: flying
A: fangs 1, strong nose, distributed training
a: no special abilities


You were in a sewer.
You visited 1 branch of the dungeon, and saw 3 of its levels.
You also visited: Sewer.

Inventory:

Hand Weapons
 a - a +0 spear (weapon)
Missiles
 i - 4 stones (quivered)
Armour
 b - a +0 leather armour (worn)
Jewellery
 h - a ring of resist corrosion (left hand)
Wands
 g - a wand of digging (3)
Potions
 e - a potion of curing
 f - 3 potions of heal wounds


   Skills:
 + Level 6.5 Fighting
 + Level 0.4 Short Blades
 + Level 0.4 Long Blades
 + Level 0.4 Axes
 + Level 0.4 Maces & Flails
 + Level 4.5 Polearms
 + Level 0.4 Staves
 + Level 0.4 Slings
 + Level 0.4 Bows
 + Level 0.4 Crossbows
 + Level 0.4 Throwing
 + Level 0.4 Armour
 + Level 4.5 Dodging
 + Level 9.5 Stealth
 + Level 0.4 Shields
 + Level 0.4 Unarmed Combat
 + Level 0.4 Spellcasting
 + Level 0.2 Conjurations
 + Level 0.2 Hexes
 + Level 0.2 Summonings
 + Level 0.2 Necromancy
 + Level 0.2 Translocations
 + Level 0.2 Transmutations
 + Level 0.2 Fire Magic
 + Level 0.2 Ice Magic
 + Level 0.2 Air Magic
 + Level 0.2 Earth Magic
 + Level 0.2 Poison Magic
 + Level 0.5 Invocations
 + Level 0.4 Evocations


You had one spell level left.
You didn't know any spells.
Your spell library was empty.

Dungeon Overview and Level Annotations

Branches:
Dungeon (5/15)             Temple (0/1) D:5           Sewer (1/1)

Altars:
Ashenzari


Innate Abilities, Weirdness & Mutations

You have very sharp teeth.
Your uncanny sense of smell can sniff out nearby items.
Your experience applies equally to all skills.


Message History

The kobold misses you. The kobold barely misses you.
The kobold hits you with a +0 dagger.
You see here a glowing inky potion.
It was a potion of flight.
You feel very buoyant.
You fly up into the air.
The kobold hits you but does no damage. The kobold barely misses you.
You barely miss the kobold. The kobold hits you but does no damage.
The kobold completely misses you.
You closely miss the kobold. You bite the kobold, but do no damage.
The kobold hits you with a +0 dagger.
You miss the kobold. The kobold hits you with a +0 whip.
You barely miss the kobold. The kobold hits you but does no damage.
The kobold hits you with a +0 whip.
You closely miss the kobold. Your bite misses the kobold.
The kobold closely misses you. x2
You hit the kobold but do no damage. The kobold misses you.
As you read the scroll of fog, it crumbles to dust.
The scroll dissolves into smoke.
The kobold hits you with a +0 dagger. The kobold closely misses you.
You hit the kobold brigand but do no damage.
The kobold barely misses you. The kobold hits you with a +0 whip.
You hit the kobold brigand.
The kobold brigand is lightly wounded.
The kobold brigand barely misses you. The kobold hits you but does no damage.
The kobold hits you with a +0 whip.
You closely miss the kobold brigand. Your bite misses the kobold brigand.
The kobold brigand is lightly wounded.
The kobold brigand hits you but does no damage.
The kobold hits you but does no damage. The kobold hits you with a +0 whip.
You hit the kobold brigand.
The kobold brigand is lightly wounded.
The kobold brigand hits you with a +0 short sword.
You hit the kobold brigand but do no damage.
The kobold brigand is lightly wounded.
The kobold closely misses you. The kobold hits you but does no damage.
The kobold brigand hits you with a +0 short sword.
* * * LOW HITPOINT WARNING * * *
The kobold brigand hits you with a +0 short sword!
You die...

#.).#....#.≈≈≈≈≈.......
###'########≈≈#########
#≈≈≈≈≈≈≈≈≈≈≈≈≈≈≈≈K≈≈≈≈≈
#≈≈≈≈≈≈≈≈≈≈≈≈≈≈≈≈≈≈≈≈≈≈
#≈≈≈≈≈≈≈≈≈≈≈≈≈≈≈≈≈≈≈≈≈≈
#################≈≈≈###
#§§§§#....≈≈≈≈≈≈≈≈P
#KKK§'.†..K≈≈≈≈..≈≈
#§@§§'.....†P......
#§§§§#.....†...P...
######.............
##............
#.........##.
#######..## # ###


You could see a kobold brigand and 2 kobolds.

Vanquished Creatures
  A dart slug (D:4)
  A ball python (Sewer)
  A bat (Sewer)
  An endoplasm (Sewer)
  A giant cockroach (D:3)
  2 quokkas (D:3)
  A frilled lizard (Sewer)
  3 kobolds (Sewer)
  2 rats (Sewer)
13 creatures vanquished.

Vanquished Creatures (others)
  A fungus (Sewer)
  9 plants (Sewer)
10 creatures vanquished.

Grand Total: 23 creatures vanquished

Notes
Turn   | Place    | Note
-------+----------+-------------------------------------------
     0 | D:5      | Reached skill level 9 in Stealth
     0 | D:5      | flotson the Gnoll Delver began the quest for the Orb.
     0 | D:5      | Reached XP level 1. HP: 23/23 MP: 1/1
    26 | D:5      | Noticed a jelly
    81 | D:5      | Noticed a scorpion
   122 | D:5      | Noticed a water moccasin
   161 | D:4      | Noticed an ogre
   170 | D:3      | Found a broken altar of Ashenzari.
   172 | D:3      | Found a glowing drain.
   182 | D:3      | Reached XP level 2. HP: 29/29 MP: 2/2
   188 | Sewer    | Entered a sewer
   206 | Sewer    | Noticed a kobold brigand
   736 | Sewer    | Slain by a kobold brigand

Illustrated notes

Levels and vault maps discovered:
D:3:      layout_rooms, lemuel_crystal_altar, gammafunk_ghost_mausoleum,
          portal_sewer_entry_f
D:4:      layout_basic, serial_shops, kennysheep_mini
D:5:      layout_loops_ring, minmay_temple_entry_mist, serial_shops, shop,
          serial_glass, glass_columns_a, glass_columns_c
Sewer:    kennysheep_pipe_town

Skill      XL: | |
---------------+-+-----
Stealth        | |  9.5
Fighting       | |  6.5
Short Blades   | |  0.4
Long Blades    | |  0.4
Axes           | |  0.4
Maces & Flails | |  0.4
Polearms       | |  4.5
Staves         | |  0.4
Slings         | |  0.4
Bows           | |  0.4
Crossbows      | |  0.4
Throwing       | |  0.4
Armour         | |  0.4
Dodging        | |  4.5
Shields        | |  0.4
Unarmed Combat | |  0.4
Spellcasting   | |  0.4
Conjurations   | |  0.2
Hexes          | |  0.2
Summonings     | |  0.2
Necromancy     | |  0.2
Translocations | |  0.2
Transmutations | |  0.2
Fire Magic     | |  0.2
Ice Magic      | |  0.2
Air Magic      | |  0.2
Earth Magic    | |  0.2
Poison Magic   | |  0.2
Invocations    | |  0.5
Evocations     | |  0.4

Action                   || total
-------------------------++-------
Melee: Spear             ||    53
       Bite              ||     3
Throw: Stone             ||     2
  Use: Potion            ||     5
       Scroll            ||     3
 Stab: Sleeping          ||     3
Armor: Leather armour    ||    12
Dodge: Dodged            ||    26

Table legend: (Time is in decaauts)
 A = Elapsed time spent in this place.
 B = Non-inter-level travel time spent in this place.
 C = Inter-level travel time spent in this place.
 D = Time resting spent in this place.
 E = Time spent auto-exploring this place.
 F = Levels seen in this place.
 G = Mean time per level.
                   A        B        C        D        E       F      G
               +--------+--------+--------+--------+--------+-----+--------+
         Total |    755 |    755 |      0 |    274 |    192 |   4 |  188.8 |
       Dungeon |    174 |    174 |      0 |      0 |     74 |   3 |   58.0 |
         Sewer |    581 |    581 |      0 |    274 |    118 |   1 |  581.0 |
               +--------+--------+--------+--------+--------+-----+--------+

Top non-repeatable levels by time:
   Sewer: 581 daAuts
     D:5: 118 daAuts
     D:4: 36 daAuts
     D:3: 19 daAuts
